 Dungeon Crawl Stone Soup version 0.32-a0-876-gcfddb08e57 (webtiles) character file.

Game seed: 1679508886622205420

27 smashvw the Shield-Bearer (level 2, -6/26 HPs)
             Began as a Mountain Dwarf Fighter on Apr 2, 2024.
             Was a Follower of Qazlal.
             Mangled by Sigmund
             ... wielding a +0 scythe
              (7 damage)
             ... on level 2 of the Dungeon.
             The game lasted 00:02:12 (725 turns).

smashvw the Shield-Bearer (Mountain Dwarf Fighter)   Turns: 725, Time: 00:02:13

Health: -6/26      AC:  6    Str: 18    XL:     2   Next: 93%
Magic:  2/2        EV:  8    Int:  8    God:    Qazlal [*.....]
Gold:   62         SH:  5    Dex:  9    Spells: 1/1 levels left

rFire   . . .        a - +0 trident
rCold   . . .        c - +0 buckler
rNeg    . . .        b - +0 scale mail
rPois   .            (no helmet)
rElec   .            (no cloak)
rCorr   .            (no gloves)
SInv    .            (no boots)
Will    .....        (no amulet) Stlth
                     (no ring)
HPRegen 0.24/turn    (no ring)
MPRegen 0.08/turn

%: no passive effects
@: mighty
A: runic magic, artefact enchanting
a: Renounce Religion


You were on level 2 of the Dungeon.
You worshipped Qazlal.
Qazlal was aware of your devotion.
You visited 1 branch of the dungeon, and saw 2 of its levels.

You collected 62 gold pieces.

Inventory:

Hand Weapons
 a - a +0 trident (weapon)
Armour
 b - a +0 scale mail (worn)
 c - a +0 buckler (worn)
Scrolls
 e - a scroll of teleportation {unknown}
 f - a scroll of vulnerability {unknown}
 h - a scroll of blinking {unknown}
 i - 2 scrolls of enchant armour {unknown}
 l - a scroll of identify {unknown}
Potions
 g - 2 potions of cancellation {unknown}
 j - a potion of heal wounds {unknown}
 k - 2 potions of ambrosia {unknown}


   Skills:
 + Level 3.6 Fighting
 + Level 2.4 Polearms
 + Level 3.6 Armour
 + Level 3.7 Shields


You had one spell level left.
You didn't know any spells.
Your spell library was empty.

Dungeon Overview and Level Annotations

Branches:
Dungeon (2/15)

Altars:
Qazlal

Annotations:
D:2 Sigmund


Innate Abilities, Weirdness & Mutations

Your spellcasting is much less encumbered by armour.
You can use scrolls of enchantment on lesser artefacts.


Message History

No target in view!
No target in view!
No target in view!
No target in view!
No target in view!
Sigmund the Dreaded comes into view.
He is wielding a +0 scythe.
Sigmund shouts!
Sigmund casts a spell at you. The puff of flame hits you!
You reach to attack!
You hit Sigmund.
Sigmund is moderately wounded.
Sigmund closely misses you.
You reach to attack!
You closely miss Sigmund.
Sigmund is moderately wounded.
Sigmund barely misses you.
You reach to attack!
You closely miss Sigmund.
Sigmund is moderately wounded.
Sigmund hits you from afar with a +0 scythe.
You reach to attack!
You closely miss Sigmund.
Sigmund is moderately wounded.
You reach to attack!
You barely miss Sigmund.
Sigmund is moderately wounded.
Sigmund hits you but does no damage.
You feel very mighty all of a sudden.
Sigmund mumbles some strange words.
Sigmund flickers and vanishes!
Deactivating autopickup; reactivate with Ctrl-A.
No target in view!
No target in view!
Reach: a) +0 trident
Press: ? - help, Dir - move target You reach to attack!
You hit something. Something hits you.
Reach: a) +0 trident
Press: ? - help, Dir - move target You reach to attack!
You closely miss something. Something hits you!
* * * LOW HITPOINT WARNING * * *
Reach: a) +0 trident
Press: ? - help, Dir - move target You reach to attack!
You miss something. Something hits you!
You die...

.. #. ### #. #.#####
####.# #.....# #.....
###.###.#
#.....##########.#.###.#
#.......@.{......#.#<..#
#......#########.#.#####
..###.#.........#.#.# ..
##.ß...##.#.#.# ##
#.†._.........#
.......ß...##.#.###
####.#........#.#
#.####.#####.# .. ...
...


There were no monsters in sight!

Vanquished Creatures
  3 ball pythons (D:1)
  3 endoplasms (D:1)
  A giant cockroach (D:2)
  2 goblins (D:1)
  4 jackals (D:1)
  5 kobolds (D:1)
  A quokka (D:1)
  3 frilled lizards (D:1)
  A rat (D:1)
23 creatures vanquished.

Notes
Turn   | Place    | Note
-------+----------+-------------------------------------------
     0 | D:1      | smashvw the Mountain Dwarf Fighter began the quest for the
                  | Orb.
     0 | D:1      | Reached XP level 1. HP: 19/19 MP: 1/1
   149 | D:1      | Reached XP level 2. HP: 25/26 MP: 2/2
   699 | D:2      | Found a faded altar of an unknown god.
   707 | D:2      | Prayed at the altar of an unknown god.
   707 | D:2      | Became a worshipper of Qazlal Stormbringer
   707 | D:2      | Reached * piety under Qazlal
   714 | D:2      | Noticed Sigmund
   724 | D:2      | HP: 1/26 [something (10)]
   725 | D:2      | Mangled by Sigmund

Illustrated notes

Levels and vault maps discovered:
D:1:      grunt_arrival_crossed_arrows, layout_basic, serial_curves,
          eino_curves_04, eino_curves_01, minivault_27, minmay_pentomino_r4
D:2:      minmay_chambers_of_ones, layout_basic,
          dreamdust_ecumenical_altar_statues, uniq_sigmund

Action                     || total
---------------------------++-------
  Melee: Trident           ||    90
    Use: Potion            ||     1
 Armour: Scale mail        ||    45
  Dodge: Dodged            ||    30
  Block: Buckler           ||    15

Table legend: (Time is in decaauts)
 A = Elapsed time spent in this place.
 B = Non-inter-level travel time spent in this place.
 C = Inter-level travel time spent in this place.
 D = Time resting spent in this place.
 E = Time spent auto-exploring this place.
 F = Levels seen in this place.
 G = Mean time per level.
                   A        B        C        D        E       F      G
               +--------+--------+--------+--------+--------+-----+--------+
         Total |    745 |    729 |     16 |      0 |    561 |   2 |  372.5 |
       Dungeon |    745 |    729 |     16 |      0 |    561 |   2 |  372.5 |
               +--------+--------+--------+--------+--------+-----+--------+

Top non-repeatable levels by time:
     D:1: 700 daAuts
     D:2: 44 daAuts
